 Dungeon Crawl Stone Soup version 0.30.0 (webtiles) character file.

Game seed: 249511526498742127

296063 EarthwalkerPL the Impregnable (level 20, -2/195 HPs)
             Began as a Minotaur Fighter on May 6, 2023.
             Was the Champion of Okawaru.
             Slain by an azure jelly (10 damage)
             ... on level 5 of the Pits of Slime.
             The game lasted 01:50:00 (40433 turns).

EarthwalkerPL the Impregnable (Minotaur Fighter)   Turns: 40433, Time: 01:50:02

Health: -2/195     AC: 14    Str: 37    XL:     20   Next: 7%
Magic:  21/27      EV: 14    Int:  0    God:    Okawaru [******]
Gold:   2043       SH: 21    Dex: 14    Spells: 19/19 levels left

rFire   . . .        a - +9 broad axe (flame)
rCold   + . .        c - +3 kite shield of Prudence {rF+}
rNeg    + + +        b - +10 plate armour of the Falcon {rC+ Str+3}
rPois   +            (helmet restricted)
rElec   +            S - +0 cloak "Monuoh" {Fly}
rCorr   +            t - +2 pair of gloves "Metoulo" {rElec Int-3 SInv}
SInv    +            j - +0 pair of boots {Stlth+}
Will    +....        s - amulet "Deestruw" {Reflect +Blink rPois rF- rN+++ Will- SH+5} Stlth
                     C - ring of resist corrosion
HPRegen 0.52/turn    Y - ring of the Protecting King {Will+ Str+6 Dex+2}
MPRegen 0.20/turn

%: reflection
@: corroded, flying, slowed, lost intelligence, unable to read, very slow
A: horns 2, retaliatory headbutt, dopey 1, inability to drink after injury 1
}: 2/15 runes: barnacled, gossamer
a: Renounce Religion, Evoke Blink, Heroism, Finesse, Duel


You were on level 5 of the Pits of Slime.
You worshipped Okawaru.
Okawaru was exalted by your worship.
You visited 8 branches of the dungeon, and saw 37 of its levels.
You also visited: Ossuary, Gauntlet and Ice Cave.

You collected 3501 gold pieces.
You spent 1458 gold pieces at shops.

Inventory:

Hand Weapons
 a - a +9 broad axe of flaming (weapon)
Missiles
 u - 3 silver boomerangs
 A - 12 silver javelins
 B - 20 javelins
 J - 25 poisoned darts
 X - 25 boomerangs (quivered)
Armour
 b - the +10 plate armour of the Falcon (worn) {rC+ Str+3}
   (You bought it in a shop on level 9 of the Dungeon)

   Str:       It affects your strength (+3).
   rC:        It protects you from cold.
 c - the +3 kite shield of Prudence (worn) {rF+}
   (Okawaru gifted it to you on level 2 of the Orcish Mines)

   rF:        It protects you from fire.
 j - a +0 pair of boots of stealth (worn)
 n - a scarf of repulsion
 t - the +2 pair of gloves "Metoulo" (worn) {rElec Int-3 SInv}
   (Okawaru gifted it to you on level 5 of the Lair of Beasts)

   Int:       It affects your intelligence (-3).
   rElec:     It insulates you from electricity.
   SInv:      It lets you see invisible.
 S - the +0 cloak "Monuoh" (worn) {Fly}
   (Okawaru gifted it to you on level 4 of the Shoals)

   Fly:       It grants you flight.
Jewellery
 o - a +5 ring of evasion
 q - the ring of Xom's Capriciousness {+Blink rF+ rC+ Dex+3}
   (You found it in an ice cave)

   [ring of protection from cold]

   Dex:       It affects your dexterity (+3).
   rF:        It protects you from fire.
   rC:        It protects you from cold.
   +Blink:    It lets you blink.
 s - the amulet "Deestruw" (around neck) {Reflect +Blink rPois rF- rN+++ Will- SH+5}
   (You found it in an ice cave)

   [amulet of reflection]

   It reflects blocked missile attacks.
   rF:        It makes you vulnerable to fire.
   rPois:     It protects you from poison.
   rN:        It renders you almost immune to negative energy.
   +Blink:    It lets you blink.
   SH:        It affects your SH (+5).
   Will:      It decreases your willpower.
 v - an amulet of regeneration
 C - a ring of resist corrosion (left hand)
 Y - the ring of the Protecting King (right hand) {Will+ Str+6 Dex+2}
   (You found it on level 10 of the Dungeon)

   [ring of willpower]

   Str:       It affects your strength (+6).
   Dex:       It affects your dexterity (+2).
   Will:      It increases your willpower.
Wands
 e - a wand of polymorph (5)
 k - a wand of light (9)
 r - a wand of flame (57)
 D - a wand of paralysis (16)
 L - a wand of iceblast (24)
 V - a wand of mindburst (27)
 Z - a wand of digging (15)
Scrolls
 g - 2 scrolls of magic mapping
 h - 7 scrolls of poison
 i - 6 scrolls of noise
 l - 15 scrolls of teleportation
 x - 4 scrolls of fear
 y - a scroll of silence
 E - 2 scrolls of brand weapon
 M - 12 scrolls of enchant armour
 O - 7 scrolls of fog
 Q - 5 scrolls of amnesia
 U - 7 scrolls of blinking
Potions
 d - 11 potions of might
 f - 6 potions of magic
 m - a potion of heal wounds
 p - 21 potions of curing
 w - 11 potions of haste
 z - 6 potions of mutation
 F - 2 potions of berserk rage
 G - 7 potions of brilliance
 K - 2 potions of cancellation
 N - 5 potions of invisibility
 P - 16 potions of ambrosia
 R - 8 potions of attraction
 T - 8 potions of flight
 W - 7 potions of lignification


   Skills:
 * Level 20.7 Fighting
 * Level 20.7 Axes
 + Level 11.1 Throwing
 * Level 23.1 Armour
 + Level 12.3 Dodging
 + Level 15.3 Shields
 + Level 11.2 Invocations


You had 19 spell levels left.
You didn't know any spells.
Your spell library contained the following spells:

 Spells                   Type           Power      Damage    Failure   Level
 Magic Dart               Conj           0%         1d3       95%         1
 Slow                     Hex            0%         N/A       95%         1
 Sting                    Tmut/Pois      0%         1d3       95%         1
 Cigotuvi's Dreadful Rot  Necr/Pois/Air  0%         N/A       99%         2
 Ensorcelled Hibernation  Hex/Ice        0%         N/A       99%         2
 Momentum Strike          Conj/Tloc      0%         3d8       99%         2
 Passwall                 Tmut/Erth      0%         N/A       99%         2
 Poisonous Vapours        Pois/Air       0%         N/A       99%         2
 Searing Ray              Conj           0%         2d4       99%         2
 Wereblood                Tmut           0%         N/A       99%         2
 Confusing Touch          Hex            0%         N/A       100%        3
 Ignite Poison            Fire/Tmut/Pois 0%         N/A       100%        3
 Inner Flame              Hex/Fire       0%         N/A       100%        3
 Mephitic Cloud           Conj/Pois/Air  0%         N/A       100%        3
 Portal Projectile        Hex/Tloc       0%         N/A       100%        3
 Swiftness                Air            0%         N/A       100%        3
 Vampiric Draining        Necr           0%         2d6       100%        3
 Dispel Undead            Necr           0%         3d6       100%        4
 Flame Wave               Conj/Fire      0%         2d4       100%        4
 Fulminant Prism          Conj/Hex       0%         3d5       100%        4
 Leda's Liquefaction      Hex/Erth       0%         N/A       100%        4
 Olgreb's Toxic Radiance  Pois           0%         N/A       100%        4
 Passage of Golubria      Tloc           0%         N/A       100%        4
 Sticky Flame             Conj/Fire      0%         2d3       100%        4
 Alistair's Intoxication  Tmut/Pois      0%         N/A       100%        5
 Blade Hands              Tmut           0%         N/A       100%        5
 Borgnjor's Vile Clutch   Necr/Erth      0%         N/A       100%        5
 Freezing Cloud           Conj/Ice/Air   0%         6-21      100%        5
 Irradiate                Conj/Tmut      0%         3d11      100%        5
 Yara's Violent Unravell  Hex/Tmut       0%         3d3       100%        5
 Conjure Ball Lightning   Conj/Air       0%         3x3d6     100%        6
 Eringya's Noxious Bog    Tmut/Pois      0%         N/A       100%        6
 Enfeeble                 Hex            0%         N/A       100%        7
 Discord                  Hex            0%         N/A       100%        8
 Disjunction              Tloc           0%         N/A       100%        8
 Call Imp                 Summ           Unusable   N/A       N/A         2
 Call Canine Familiar     Summ           Unusable   N/A       N/A         3
 Tukima's Dance           Hex            Unusable   N/A       N/A         3
 Summon Forest            Summ/Tloc      Unusable   N/A       N/A         5
 Death Channel            Necr           Unusable   N/A       N/A         6
 Summon Hydra             Summ           Unusable   N/A       N/A         7

Dungeon Overview and Level Annotations

Branches:
Dungeon (15/15) Temple (1/1) D:6 Lair (5/5) D:10 Shoals (4/4) Lair:2 Spider (4/4) Lair:3 Slime (5/5) Lair:4 Orc (2/2) D:11 Elf (0/3) Orc:2 Vaults (0/5) D:13 D:14 Depths (1/4) D:15 Ossuary (visited) IceCv (visited) Gauntlet (visited)

Altars:
Ashenzari
Cheibriados
Dithmenos
Elyvilon
Fedhas
Gozag
Hepliaklqana
Kikubaaqudgha
Makhleb
Nemelex Xobeh
Okawaru
Qazlal
Ru
Sif Muna
Trog
Uskayaw
Vehumet
Wu Jian
Xom
Yredelemnul
Zin
The Shining One
Jiyva

Shops:
D:4 (   D:9 *   Orc:2 ?*(*   Shoals:2 [   Depths:1 *

Portals:
Hell: Depths:1
Ziggurat: Depths:1

Annotations:
Slime:5 Royal Jelly
Depths:1 1 runed translucent door


Innate Abilities, Weirdness & Mutations

You have a pair of horns on your head.
You reflexively headbutt those who attack you in melee.
You are dopey. (Int -2)
You occasionally lose the ability to drink potions when taking damage.


Message History

* * * LOW HITPOINT WARNING * * *
The azure jelly freezes you! You resist.
* * * LOW HITPOINT WARNING * * *
You block the azure jelly's attack. x2; The azure jelly hits you.
* * * LOW HITPOINT WARNING * * *
The azure jelly freezes you! You resist.
* * * LOW HITPOINT WARNING * * *
The azure jelly hits you but does no damage.
The azure jelly completely misses you. The azure jelly closely misses you.
The slime creature closely misses you. You furiously retaliate!
You headbutt the slime creature!
The Royal Jelly comes into view.
The azure jelly attacks as you move away!
The azure jelly misses you. You furiously retaliate!
You headbutt the azure jelly, but do no damage.
The azure jelly hits you but does no damage.
You block the azure jelly's attack. x2; The slime creature barely misses you.
You furiously retaliate!
You headbutt the slime creature!
Unknown command.
The quicksilver ooze attacks as you move away!
You block the quicksilver ooze's attack. x2
The acid blob attacks as you move away! The acid blob barely misses you.
The large slime creature attacks as you move away!
The large slime creature barely misses you.
The Royal Jelly quivers.
The acid blob attacks as you move away! You block the acid blob's attack.
You block the acid blob's attack.
Two slime creatures merge to form a very large slime creature.
The acid blob attacks as you move away! The acid blob completely misses you.
The acid blob spits acid at you. The splash of acid hits you! You resist.
* * * LOW HITPOINT WARNING * * *
There is a stone staircase leading up, spattered with blood here.
The acid blob spits acid at you. The splash of acid hits you! You resist.
* * * LOW HITPOINT WARNING * * *
You block the azure jelly's attack. The azure jelly hits you.
* * * LOW HITPOINT WARNING * * *
The azure jelly freezes you! You resist.
You die...

.................#
.................#####.####
##.................#.#...#.
##..........................
#...........................
#.........................
##........................
##.......JJ..............
####...@JJ..............
###..J.J.............
#..................
#..................
#..................
###................
##...............
###.....###..... ##..###
####..


You could see the Royal Jelly, an acid blob, an azure jelly, a very large slime
creature, a large slime creature and a quicksilver ooze.

Vanquished Creatures
  Mara (Depths:1)
  Bai Suzhen (Depths:1)
  Arachne (Spider:3)
  A tentacled monstrosity (Depths:1)
  Rupert (Lair:4)
  Asterion (Spider:4)
  10 acid blobs
  2 krakens
  Polyphemus (Shoals:4)
  A nagaraja (Depths:1)
  6 rockslimes
  5 azure jellies
  8 emperor scorpions
  3 frost giants
  Louise (Spider:4)
  4 ghost moths (Spider:4)
  A reaper (Depths:1)
  3 very ugly things (Depths:1)
  A broodmother (Spider:3)
  11 quicksilver oozes
  5 stone giants
  Nessos (D:14)
  A minotaur (Gauntlet)
  3 deep elf annihilators (Depths:1)
  4 spark wasps
  3 ettins (Depths:1)
  2 fire dragons
  A green death (Gauntlet)
  3 jiangshi (Depths:1)
  4 merfolk javelineers
  11 merfolk impalers
  3 entropy weavers
  2 great orbs of eyes
  4 rakshasas
  An ogre mage (D:11)
  3 hydras
  2 jorogumos (Spider:4)
  3 spriggan air magi (Depths:1)
  Erolcha (D:11)
  4 catoblepae
  2 alligator snapping turtles
  8 boulder beetles
  2 radroaches (Spider:4)
  A yaktaur captain (D:15)
  3 merfolk avatars
  6 centaur warriors
  4 merfolk aquamancers
  3 satyrs
  10 two-headed ogres
  A dancing weapon (Shoals:2)
  15 death yaks
  7 tengu warriors
  A vampire mage (Depths:1)
  A deep troll shaman (Depths:1)
  An orc high priest (Orc:2)
  A deep troll earth mage (Depths:1)
  A soul eater (Depths:1)
  A spriggan berserker (Depths:1)
  Urug (D:13)
  Amaemon (Lair:2)
  A sun demon (Depths:1)
  4 skysharks
  5 pharaoh ants
  2 sun moths
  A goliath frog (Lair:5)
  9 skeletal warriors
  2 deep trolls (Depths:1)
  10 sea snakes
  6 orb spiders
  3 orange crystal statues (IceCv)
  A deep elf archer (D:15)
  2 wizards
  2 glowing orange brains
  9 steelbarb worms
  A necromancer (D:12)
  7 orc knights
  3 deep elf pyromancers
  11 harpies (Shoals:4)
  9 orc sorcerers
  22 manticores
  2 deep elf zephyrmancers
  17 wolf spiders
  19 cyclopes
  3 shining eyes
  23 ugly things
  11 fauns
  A salamander (Depths:1)
  An oklob plant (Gauntlet)
  3 moths of wrath
  Maurice (D:8)
  15 elephants
  7 water nymphs
  8 demonic crawlers
  A smoke demon (Depths:1)
  A guardian serpent (shapeshifter) (D:15)
  An eye of devastation (Slime:3)
  6 black mambas
  7 merfolk sirens
  A torpor snail (Spider:4)
  Maggie (D:6)
  2 unseen horrors
  A gargoyle (D:14)
  Psyche (D:7)
  3 orange demons
  A rime drake (Lair:5)
  20 cane toads
  7 komodo dragons
  6 freezing wraiths
  7 tengu conjurers
  The ghost of Mysteryquy the Chopper, an amateur MiBe of Trog (D:4)
  3 polar bears
  35 merfolk
  A queen bee (Lair:1)
  6 trolls
  7 wind drakes
  A tarantella (shapeshifter) (D:15)
  A tyrant leech (Lair:5)
  A hornet (Depths:1)
  21 tarantellas
  8 dream sheep
  31 blink frogs
  9 saltlings (Orc:2)
  22 jumping spiders
  13 snapping turtles
  24 culicivoras
  97 slime creatures
  A spriggan (shapeshifter) (D:14)
  3 shadows
  2 wraiths (D:11)
  4 vampires
  11 water elementals
  A spriggan (Depths:1)
  29 yaks
  Sigmund (D:5)
  9 wyverns
  16 humans
  Grum (D:8)
  4 basilisks
  48 redbacks
  13 vampire mosquitoes
  A steam dragon (D:10)
  Edmund (D:4)
  Menkaure (D:6)
  2 acid dragons
  18 water moccasins
  2 wargs
  3 small abominations (Gauntlet)
  24 orc warriors
  A sky beast (shapeshifter) (D:14)
  An ice beast (D:15)
  A sky beast (D:7)
  5 black bears
  4 great orb of eyes simulacra (IceCv)
  29 wolves
  8 ogres
  8 centaurs
  6 slime creature simulacra (IceCv)
  A phantom (D:7)
  2 kobold brigands
  22 bullfrogs
  A gnoll sergeant (D:12)
  8 scorpions
  8 wights
  A hornet simulacrum (D:13)
  33 killer bees
  4 electric eels
  16 howler monkeys
  A crimson imp (D:6)
  3 jellies
  20 orc priests
  A gnoll bouda (D:10)
  An iguana (D:6)
  24 orc wizards
  2 centaur simulacra
  3 mummies (Ossuary)
  5 adders
  9 gnolls
  A shadow imp (D:7)
  7 white imps (D:15)
  6 adder zombies (Ossuary)
  2 worms
  A dart slug (D:2)
  76 orcs
  7 endoplasms
  4 giant cockroaches
  5 goblins
  4 hobgoblins
  4 jackals (D:4)
  12 kobolds
  6 quokkas
  3 training dummies (D:4)
  9 ball pythons
  2 bats (D:3)
  5 frilled lizards
  2 goblin zombies (Ossuary)
  3 hobgoblin zombies (Ossuary)
  A kobold zombie (Ossuary)
  3 quokka zombies
  6 rats
  5 rat zombies
  A fire vortex (Depths:1)
  16 pillars of salt (Orc:2)
  A plant (Shoals:2)
  3 spectral weapons (Spider:4)
  4 tentacles
1384 creatures vanquished.

Vanquished Creatures (others)
  The ghost of Voland the Nimble, an adept TeAE of Sif Muna (Shoals:2)
  A merfolk aquamancer (Shoals:4)
  A wizard (D:4)
  A merfolk (Shoals:4)
  69 fungi
  202 plants
  11 tentacles
  7 toadstools (D:1)
293 creatures vanquished.

Grand Total: 1677 creatures vanquished

Notes
Turn   | Place    | Note
-------+----------+-------------------------------------------
     0 | D:1      | EarthwalkerPL the Minotaur Fighter began the quest for the
                  | Orb.
     0 | D:1      | Reached XP level 1. HP: 19/19 MP: 0/0
   182 | D:1      | You fall into a shaft and drop 1 floor!
   238 | D:2      | Reached XP level 2. HP: 27/27 MP: 1/1
   440 | D:2      | Reached skill level 4 in Armour
   493 | D:2      | Reached XP level 3. HP: 33/33 MP: 2/2
  2103 | D:3      | Reached XP level 4. HP: 33/41 MP: 3/3
  2136 | D:3      | Found a shimmering altar of Xom.
  2347 | D:4      | Found a bloodstained altar of Trog.
  2459 | D:4      | Noticed a scorpion
  2464 | D:4      | Killed a scorpion
  2465 | D:4      | Reached skill level 5 in Fighting
  2465 | D:4      | Reached skill level 5 in Armour
  2465 | D:4      | Reached XP level 5. HP: 48/48 MP: 4/4
  2704 | D:4      | Noticed Edmund
  2717 | D:4      | Killed Edmund
  2718 | D:4      | Reached skill level 5 in Axes
  2718 | D:4      | Reached XP level 6. HP: 48/56 MP: 5/5
  2767 | D:4      | Found Paheist's Firing Range.
  2837 | D:4      | Found a runed translucent gate.
  2837 | D:4      | Found a runed translucent gate.
  2838 | D:4      | Found a runed translucent gate.
  2839 | D:4      | Noticed Mysteryquy's ghost (amateur MiBe)
  2840 | D:4      | Noticed an orc warrior
  2840 | D:4      | Identified the +3 whip "Jium" {flame, rC+ rCorr Dex+5}
  2882 | D:4      | Noticed a wizard
  2887 | D:4      | Killed a wizard
  3038 | D:4      | Reached XP level 7. HP: 62/62 MP: 6/6
  3211 | D:5      | Entered Level 5 of the Dungeon
  3217 | D:5      | Noticed Sigmund
  3334 | D:5      | Killed Sigmund
  3335 | D:5      | Reached skill level 6 in Armour
  3335 | D:5      | Reached skill level 5 in Shields
  3475 | D:5      | Found a basalt altar of Yredelemnul.
  3907 | D:5      | Reached XP level 8. HP: 71/71 MP: 7/7
  3982 | D:5      | Reached skill level 7 in Armour
  4309 | D:6      | Noticed Menkaure
  4434 | D:6      | Killed Menkaure
  4435 | D:6      | Reached skill level 8 in Armour
  4603 | D:6      | Found a staircase to the Ecumenical Temple.
  4611 | Temple   | Entered the Ecumenical Temple
  4789 | Temple   | Became a worshipper of Warmaster Okawaru
  4969 | D:6      | Noticed Maggie
  4983 | D:6      | Killed Maggie
  4984 | D:6      | Reached XP level 9. HP: 68/82 MP: 8/8
  5094 | D:6      | Reached * piety under Okawaru
  5117 | D:6      | Found a burning altar of Makhleb.
  5667 | D:7      | Reached skill level 9 in Armour
  5827 | D:7      | Found a glowing silver altar of Zin.
  5964 | D:8      | Noticed Psyche
  6002 | D:7      | Killed Psyche
  6002 | D:7      | Reached ** piety under Okawaru
  6062 | D:8      | Found a sand-covered staircase.
  6073 | Ossuary  | Entered an ossuary
  6521 | D:8      | Noticed a two-headed ogre
  6531 | D:8      | Killed a two-headed ogre
  6532 | D:8      | Reached skill level 10 in Fighting
  6532 | D:8      | Reached skill level 10 in Armour
  6532 | D:8      | Reached XP level 10. HP: 93/93 MP: 9/9
  6548 | D:8      | Found a transporter.
  6550 | D:8      | Found a transporter.
  6554 | D:8      | Found a transporter.
  6615 | D:8      | Reached *** piety under Okawaru
  6795 | D:8      | Noticed Maurice
  6816 | D:8      | Killed Maurice
  6817 | D:8      | Reached skill level 10 in Axes
  6881 | D:8      | Found a transporter.
  6912 | D:8      | Noticed Grum
  6929 | D:8      | Killed Grum
  7460 | D:9      | Noticed a two-headed ogre
  7471 | D:9      | Killed a two-headed ogre
  7471 | D:9      | Reached **** piety under Okawaru
  7669 | D:9      | Reached skill level 1 in Dodging
  7673 | D:9      | Reached skill level 1 in Invocations
  7687 | D:9      | Found Fyabbel's General Store.
  7728 | D:9      | Reached skill level 1 in Throwing
  7751 | D:9      | Found a hide-covered altar of Uskayaw.
  7803 | D:9      | Reached skill level 11 in Armour
  7887 | D:9      | Noticed a two-headed ogre
  7896 | D:9      | Killed a two-headed ogre
  7980 | D:9      | Reached ***** piety under Okawaru
  8126 | D:9      | Reached XP level 11. HP: 88/102 MP: 11/11
  8510 | D:10     | Entered Level 10 of the Dungeon
  8649 | D:10     | Noticed a two-headed ogre
  8662 | D:10     | Killed a two-headed ogre
  8771 | D:10     | Received a gift from Okawaru
  8781 | D:10     | Found a staircase to the Lair.
  8894 | D:10     | Got the Parchment of Transformed Power
  9208 | D:10     | Noticed a catoblepas
  9208 | D:10     | Noticed a centaur warrior
  9212 | D:10     | Found a runed translucent door.
  9251 | D:10     | Identified the +4 robe "Ropsu" {Will+ Str+2} (Okawaru
                  | gifted it to you on level 10 of the Dungeon)
  9251 | D:10     | Received a gift from Okawaru
  9766 | D:10     | Noticed a six-headed hydra
  9766 | D:10     | Noticed a centaur warrior
  9919 | D:9      | Identified a scroll of acquirement
  9919 | D:9      | Acquired a manual of Armour
 10487 | D:10     | Reached skill level 12 in Armour
 10822 | D:10     | Identified the ring of the Protecting King {Will+ Str+6
                  | Dex+2}
 11277 | D:10     | Killed a centaur warrior
 11299 | D:10     | Killed a six-headed hydra
 11615 | D:11     | Noticed Erolcha
 11951 | D:11     | Found a runed translucent door.
 11951 | D:11     | Noticed a two-headed ogre
 11964 | D:11     | Killed a two-headed ogre
 11965 | D:11     | Reached skill level 13 in Armour
 11965 | D:11     | Reached XP level 12. HP: 113/113 MP: 13/13
 11980 | D:11     | Noticed a boulder beetle
 12009 | D:11     | Killed a boulder beetle
 12009 | D:11     | Received a gift from Okawaru
 12233 | D:11     | Killed Erolcha
 12233 | D:11     | Received a gift from Okawaru
 12442 | D:11     | Found a runed translucent door.
 12466 | D:11     | Found a staircase to the Orcish Mines.
 13697 | D:12     | Noticed a two-headed ogre
 13706 | D:12     | Killed a two-headed ogre
 13706 | D:12     | Reached ****** piety under Okawaru
 13739 | D:12     | Received a gift from Okawaru
 13962 | D:12     | Reached skill level 14 in Armour
 14113 | D:12     | Reached skill level 5 in Dodging
 14800 | Lair:1   | Entered Level 1 of the Lair of Beasts
 14872 | Lair:1   | Identified the +8 battleaxe of Forgiveness {venom, rElec
                  | rPois Str+6} (Okawaru gifted it to you on level 1 of the
                  | Lair of Beasts)
 14872 | Lair:1   | Received a gift from Okawaru
 15011 | Lair:1   | Reached skill level 10 in Shields
 15088 | Lair:1   | Reached skill level 15 in Armour
 15107 | Lair:1   | Reached XP level 13. HP: 89/122 MP: 15/15
 15564 | Lair:1   | Reached skill level 5 in Invocations
 15978 | Lair:2   | Found a staircase to the Shoals.
 16008 | Lair:2   | Noticed Amaemon
 16009 | Lair:2   | Reached skill level 5 in Throwing
 16022 | Lair:2   | Killed Amaemon
 16022 | Lair:2   | Received a gift from Okawaru
 16695 | Lair:3   | Found a hole to the Spider Nest.
 16708 | Lair:3   | Identified the +1 leather armour of the Villain {rF+}
 17235 | Lair:3   | Reached skill level 16 in Armour
 17375 | Lair:3   | Identified the +8 battleaxe of Dismemberment {freeze, rF+++
                  | rC- Int-5 Stlth+} (Okawaru gifted it to you on level 3 of
                  | the Lair of Beasts)
 17375 | Lair:3   | Received a gift from Okawaru
 17712 | Lair:4   | Found a staircase to the Slime Pits.
 17712 | Lair:4   | Found a viscous altar of Jiyva.
 17964 | Lair:4   | Noticed Rupert
 17980 | Lair:4   | Killed Rupert
 18476 | Lair:4   | Received a gift from Okawaru
 18627 | Lair:5   | Entered Level 5 of the Lair of Beasts
 18717 | Lair:5   | Reached XP level 14. HP: 111/133 MP: 17/17
 18723 | Lair:5   | Reached skill level 17 in Armour
 19179 | Lair:5   | Reached skill level 15 in Fighting
 19214 | Lair:5   | Reached skill level 15 in Axes
 19216 | Lair:5   | Identified the +2 pair of gloves "Metoulo" {rElec Int-3
                  | SInv} (Okawaru gifted it to you on level 5 of the Lair of
                  | Beasts)
 19216 | Lair:5   | Received a gift from Okawaru
 19318 | Lair:5   | Reached skill level 18 in Armour
 20559 | Orc:1    | Entered Level 1 of the Orcish Mines
 20747 | Orc:2    | Entered Level 2 of the Orcish Mines
 20869 | Orc:2    | Found a gate leading to a gauntlet.
 20921 | Gauntlet | Entered a Gauntlet
 20921 | Gauntlet | Found a transporter.
 20921 | Gauntlet | Found a transporter.
 20927 | Gauntlet | Found a transporter.
 20940 | Gauntlet | Found a transporter.
 20957 | Gauntlet | Found a transporter.
 20957 | Gauntlet | Found a transporter.
 20957 | Gauntlet | Found a transporter.
 20959 | Gauntlet | Found a transporter.
 20959 | Gauntlet | Found a transporter.
 20961 | Gauntlet | Noticed a quicksilver ooze
 20964 | Gauntlet | Found a runed translucent door.
 20969 | Gauntlet | Found a runed translucent door.
 20971 | Gauntlet | Found a transporter.
 20987 | Gauntlet | Found a transporter.
 20997 | Gauntlet | Found a transporter.
 20998 | Gauntlet | Found the ring of Shadows {Umbra +Inv Stlth+}
 21012 | Gauntlet | Found a transporter.
 21031 | Gauntlet | Found a transporter.
 21032 | Gauntlet | Found a runed translucent door.
 21315 | Gauntlet | Reached XP level 15. HP: 143/143 MP: 19/19
 21386 | Gauntlet | Identified the staff of cold "Mugugaw" {rC+ rN+ Str-2 Int+6
                  | Dex+4}
 21386 | Gauntlet | Identified the ring of the Vendetta {rCorr MP+9 Int-4 SInv}
 21401 | Gauntlet | HP: 4/137 [minotaur/bolt (5)]
 21592 | Orc:2    | Found a staircase to the Elven Halls.
 22173 | Orc:2    | Reached skill level 19 in Armour
 22201 | Orc:2    | Identified the +3 kite shield of Prudence {rF+} (Okawaru
                  | gifted it to you on level 2 of the Orcish Mines)
 22201 | Orc:2    | Received a gift from Okawaru
 22557 | Orc:2    | Found Geagayx's Magic Scroll Shop.
 22626 | Orc:2    | Found Obot's General Store.
 22698 | Orc:2    | Found Hulewul's General Store.
 22768 | Orc:2    | Found Kitesiefeh's Weapon Shoppe.
 22784 | Orc:2    | Bought a scroll of enchant weapon for 135 gold pieces
 22784 | Orc:2    | Bought a scroll of identify for 36 gold pieces
 22809 | Orc:2    | Bought a scroll of enchant weapon for 75 gold pieces
 22978 | D:9      | Bought the +10 plate armour of the Falcon {rC+ Str+3} for
                  | 1212 gold pieces
 23119 | D:4      | Killed Mysteryquy's ghost
 24148 | D:14     | Noticed Nessos
 24148 | D:14     | Noticed Urug
 24148 | D:14     | Found a gate to the Vaults.
 24155 | D:13     | Received a gift from Okawaru
 24188 | D:13     | Killed Urug
 24219 | D:14     | Killed Nessos
 24771 | D:14     | Identified the +4 scale mail of the Catamount {rCorr MP+9
                  | Str-2 Int+5}
 24984 | D:15     | Entered Level 15 of the Dungeon
 25087 | D:15     | Found a staircase to the Depths.
 25090 | D:15     | Reached XP level 16. HP: 148/152 MP: 20/20
 25246 | D:15     | Reached skill level 20 in Armour
 25421 | D:15     | Received a gift from Okawaru
 25759 | D:15     | Identified the scarf of the Trees {+Inv, Harm Will+ Str-4}
                  | (Okawaru gifted it to you on level 15 of the Dungeon)
 25759 | D:15     | Received a gift from Okawaru
 25864 | D:15     | Identified the +5 sling of Lussoufau {elec, Str+3}
 25984 | Depths:1 | Entered Level 1 of the Depths
 25988 | Depths:1 | Noticed a tentacled monstrosity
 26006 | Depths:1 | Killed a tentacled monstrosity
 26082 | Depths:1 | Found Weisig's Assorted Antiques.
 26136 | Depths:1 | Noticed Mara
 26164 | Depths:1 | Noticed EarthwalkerPL's illusion
 26181 | Depths:1 | Killed Mara
 26553 | Depths:1 | Received a gift from Okawaru
 26616 | Depths:1 | Noticed Bai Suzhen
 26775 | Depths:1 | Found a runed translucent door.
 26777 | Depths:1 | Noticed a lich
 26778 | Depths:1 | Found a radiant altar of Vehumet.
 26778 | Depths:1 | Noticed an ancient lich
 26845 | Depths:1 | Killed Bai Suzhen
 26846 | Depths:1 | Reached XP level 17. HP: 120/163 MP: 22/22
 26903 | Depths:1 | Found a one-way gateway to a ziggurat.
 26950 | Depths:1 | Found a shadowy altar of Dithmenos.
 27230 | Depths:1 | Received a gift from Okawaru
 27387 | Depths:1 | Found a gateway to Hell.
 27982 | Spider:1 | Entered Level 1 of the Spider Nest
 28030 | Spider:1 | Reached skill level 10 in Dodging
 28289 | Spider:1 | Received a gift from Okawaru
 28675 | Spider:1 | Received a gift from Okawaru
 29086 | Spider:2 | Reached skill level 21 in Armour
 29836 | Spider:3 | Noticed Arachne
 29844 | Spider:3 | Killed Arachne
 30254 | Spider:4 | Entered Level 4 of the Spider Nest
 30277 | Spider:4 | Noticed Asterion
 30487 | Spider:4 | Killed Asterion
 30487 | Spider:4 | Received a gift from Okawaru
 30750 | Spider:4 | Reached XP level 18. HP: 168/168 MP: 24/24
 30772 | Spider:4 | Gained mutation: You occasionally lose the ability to drink
                  | potions when taking damage. [mutagenic glow]
 31071 | Spider:4 | Received a gift from Okawaru
 31364 | Spider:4 | Reached skill level 10 in Invocations
 31370 | Spider:4 | Got a gossamer rune of Zot
 31494 | Spider:4 | Noticed Louise
 31509 | Spider:4 | Killed Louise
 31912 | Shoals:1 | Entered Level 1 of the Shoals
 32639 | Shoals:2 | Found a frozen archway.
 32660 | IceCv    | Entered an ice cave
 32793 | IceCv    | Reached skill level 10 in Throwing
 32950 | IceCv    | Lost intelligence.
 33182 | IceCv    | Reached skill level 22 in Armour
 33225 | IceCv    | Found a viscous altar of Jiyva.
 33232 | IceCv    | Identified the +4 hand axe of Peqaggomai {antimagic, Int+4}
                  | (Okawaru gifted it to you in an ice cave)
 33232 | IceCv    | Received a gift from Okawaru
 33279 | IceCv    | Got the ring of Xom's Capriciousness {+Blink rF+ rC+ Dex+3}
 33280 | IceCv    | Identified the amulet "Deestruw" {Reflect +Blink rPois rF-
                  | rN+++ Will- SH+5}
 33285 | IceCv    | Identified the +0 spear "Zentijox" {freeze, Contam +Blink
                  | MP+9}
 33448 | Shoals:2 | Found a runed translucent door.
 33448 | Shoals:2 | Found a shimmering altar of Xom.
 33448 | Shoals:2 | Noticed Voland's ghost (adept TeAE)
 33535 | Shoals:2 | Found Feliceax's Armour Shoppe.
 34197 | Shoals:3 | Received a gift from Okawaru
 34633 | Shoals:3 | Reached XP level 19. HP: 143/184 MP: 25/25
 34878 | Shoals:4 | Entered Level 4 of the Shoals
 35155 | Shoals:4 | Received a gift from Okawaru
 35164 | Shoals:4 | Noticed Polyphemus
 35179 | Shoals:4 | Killed Polyphemus
 35254 | Shoals:4 | Received a gift from Okawaru
 35560 | Shoals:4 | Identified the +0 cloak "Monuoh" {Fly} (Okawaru gifted it
                  | to you on level 4 of the Shoals)
 35560 | Shoals:4 | Received a gift from Okawaru
 35912 | Shoals:4 | Reached skill level 15 in Shields
 36018 | Shoals:4 | Got a barnacled rune of Zot
 37016 | Shoals:2 | Killed Voland's ghost
 37140 | Shoals:2 | Got Sif Muna's Joy of Spellwork
 37752 | Slime:1  | Entered Level 1 of the Pits of Slime
 37774 | Slime:1  | Paralysed by a great orb of eyes for 2 turns
 39286 | Slime:3  | Reached skill level 23 in Armour
 39287 | Slime:3  | Received a gift from Okawaru
 39811 | Slime:1  | Reached XP level 20. HP: 195/195 MP: 27/27
 39888 | Slime:4  | Found a viscous altar of Jiyva.
 40250 | Slime:5  | Entered Level 5 of the Pits of Slime
 40413 | Slime:5  | Lost intelligence.
 40413 | Slime:5  | Gained mutation: You are dopey. (Int -2) [a shining eye]
 40427 | Slime:5  | Noticed the Royal Jelly
 40433 | Slime:5  | HP: 9/195 [acid blob/splash of acid (15)]
 40433 | Slime:5  | Slain by an azure jelly

Illustrated notes

Levels and vault maps discovered:
D:1:      nagdon_arrival_zigzag_paths, layout_loops_ring,
          minmay_misc_feat_ornament, hangedman_glass_teeth, minmay_door_square,
          patterned_corridor
D:2:      layout_basic, solitary_fountain
D:3:      layout_basic, dk_xom_monty_hall
D:4:      layout_gridville, trog_wizard, biasface_ghost_orc_armoury,
          nicolae_shop_firing_range, uniq_edmund
D:5:      layout_basic, yredelemnul_altar_generic, uniq_sigmund
D:6:      layout_basic, makhleb_grotto_becter, minmay_temple_entry_fiery,
          uniq_maggie, uniq_menkaure
D:7:      layout_cave_pools, zin_statuary
D:8:      layout_loops_ring, enter_ossuary_4, minmay_holes, chequers_jeans,
          nicolae_transporter_circle, uniq_psyche, uniq_maurice, uniq_grum
D:9:      layout_roguey, eat_drink_and_be_merry_uskayaw, serial_shops,
          shop_statue
D:10:     minmay_the_grid_triangle_9x9_rhombus_thin
          [minmay_the_grid_triangle_9x9_dagger,
          minmay_the_grid_triangle_9x9_prize_top_heavy,
          minmay_the_grid_triangle_9x9_subtriangle,
          minmay_the_grid_triangle_9x9_longest], layout_grid_maze,
          due_lair_maze_entry_diamond
D:11:     cheibrodos_histonic, layout_long_grid, erik_orc_3, uniq_erolcha
D:12:     layout_long_grid, minmay_librarian
D:13:     layout_cave_pools
D:14:     wad_crossroads, layout_loops_ring, david_vaults_3,
          minmay_tree_intersection
D:15:     grunt_enter_depths_snipers, layout_cave_pools, serial_ice,
          serial_ice_h, serial_ice_j, serial_ice_n, serial_ice_e, serial_ice_d,
          serial_ice_f, wad_floor_pattern_untrapped,
          minmay_fractal_squares_gapless_7
Temple:   nicolae_temple_slightly_damp_pantheon
Lair:1:   layout_roguey [special_room_bee], nicolae_lair_grove_arrangements,
          disabler_island
Lair:2:   layout_misc_corridors, shoals_dummy_entry, minmay_hedge_maze,
          uniq_amaemon
Lair:3:   layout_chaotic_city, nicolae_spider_entry_lesser_pyramids
Lair:4:   layout_loops_ring, minmay_slime_entry_pillars,
          chequers_serial_rivers_small_b, lemuel_old_faithful,
          lemuel_fruit_tree, lemuel_fruit_fields, uniq_urug, uniq_rupert
Lair:5:   minmay_lair_end_frog_pond, layout_regular_city
Shoals:1: layout_shoals
Shoals:2: nicolae_shoals_aurelia_aurita, layout_shoals, serial_shops,
          nicolae_square_shop, portal_ice_cave_entry_frozen_things,
          ebering_ghost_xom, nicolae_shoals_lost_giant_amphitheater,
          st_shoals_ruin
Shoals:3: layout_shoals
Shoals:4: shoals_end_grunt_ice, layout_shoals, uniq_polyphemus
Spider:1: layout_chambers
Spider:2: layout_spider_delve
Spider:3: layout_spider_delve, nicolae_spider_cling_halls, uniq_arachne
Spider:4: grunt_spider_rune_circles, nicolae_spider_twisty_arc_passages,
          uniq_louise, uniq_asterion
Slime:1:  layout_caves
Slime:2:  layout_caves
Slime:3:  layout_caves
Slime:4:  layout_caves, basic_altar
Slime:5
Orc:1:    layout_diamond_mine
Orc:2:    hellmonk_orc_salted, layout_diamond_mine, gauntlet_entry_generic,
          uniq_nessos
Depths:1: layout_long_grid, enter_ziggurat_b, serial_shops,
          nicolae_inconvenience_store, nicolae_dithmenos_the_darkroom,
          hellmouth_1, grunt_absolute_annihilation,
          roderic_lattice_octagonal_star, uniq_mara, uniq_bai_suzhen

Skill      XL: |  1  2  3  4  5  6  7  8  9 10 11 12 13 14 15 16 17 18 19 |
---------------+----------------------------------------------------------+-----
Armour         | 4 5 6 8 10 11 13 15 16 18 19 20 21 22 23 | 23.1
Fighting       | 4 5 6 8 10 11 12 13 14 15 16 17 18 19 20 | 20.7
Axes           | 3 4 5 6 8 9 10 12 13 14 15 16 17 18 19 20 | 20.7
Shields        | 4 5 6 7 8 9 10 11 12 13 14 15 | 15.3
Dodging        | 2 4 5 6 7 8 9 10 11 12 | 12.3
Invocations    | 1 3 4 6 7 8 9 10 11 | 11.2
Throwing       | 1 3 4 5 6 7 8 9 10 11 | 11.1

Action                     |  1- 3 |  4- 6 |  7- 9 | 10-12 | 13-15 | 16-18 | 19-21 || total
---------------------------+-------+-------+-------+-------+-------+-------+-------++-------
  Melee: War axe           |   100 |    69 |   260 |   362 |       |       |       ||   791
         Headbutt          |    10 |     7 |    52 |   118 |   189 |   303 |   132 ||   811
         Broad axe         |       |       |       |   192 |   899 |  1261 |   486 ||  2838
  Throw: Boomerang         |       |     4 |     6 |       |       |    19 |    24 ||    53
         Dart              |       |     2 |     1 |    27 |     8 |     6 |       ||    44
         Javelin           |       |       |       |     7 |       |     9 |       ||    16
 Invoke: Heroism           |       |       |       |       |     1 |     1 |       ||     2
         Finesse           |       |       |       |       |     1 |     1 |       ||     2
  Evoke: Wand              |       |       |       |    13 |       |       |       ||    13
    Use: Scroll            |       |       |     7 |    14 |    17 |     1 |       ||    39
         Potion            |       |       |       |       |     6 |     1 |     5 ||    12
   Stab: Distracted        |       |       |       |       |     2 |       |       ||     2
         Invisible         |       |       |       |       |     1 |       |       ||     1
         Petrified         |       |       |       |       |       |       |     5 ||     5
 Armour: Scale mail        |    31 |    25 |   105 |   231 |   148 |       |       ||   540
         Plate armour      |       |       |       |       |    75 |   428 |   194 ||   697
  Dodge: Dodged            |    31 |    21 |    88 |   227 |   435 |   562 |   278 ||  1642
         Repelled          |       |       |       |       |       |     1 |     7 ||     8
  Block: Buckler           |    52 |    33 |   125 |   349 |   281 |       |       ||   840
         Reflection        |       |     3 |     6 |     7 |     8 |       |     7 ||    31
         Kite shield       |       |       |       |       |   190 |   775 |   424 ||  1389
